 Dungeon Crawl Stone Soup version 0.19.4-8-ga85b6b9 (webtiles) character file.

213996 Lennu the Shatterer (level 18, -1/184 HPs)
             Began as a Minotaur Chaos Knight on Feb 9, 2017.
             Slain by a golden dragon (9 damage)
             ... summoned by Xom
             ... on level 1 of the Depths on Feb 10, 2017.
             The game lasted 03:57:43 (40438 turns).

Lennu the Shatterer (Minotaur Chaos Knight)        Turns: 40438, Time: 03:57:45

Health: -1/184     AC: 25    Str: 23 (25) XL:     18   Next: 66%
Magic:  17/17      EV: 18    Int: 10      God:    Xom [*.....]
Gold:   415        SH:  0    Dex: 12 (13) Spells: 0 memorised, 17 levels left

rFire  + + +     SeeInvis .     x - +7 great mace "Firestarter" {inner flame, rF++}
rCold  + + .     Gourm    .     X - +5 ring mail {rPois}
rNeg   + . .     Faith    .     (shield currently unavailable)
rPois  +         Spirit   .     (helmet unavailable)
rElec  +         Reflect  .     V - +0 cloak
rCorr  .         Harm     .     O - +2 pair of gloves {Str+3}
MR     +....                    S - +0 pair of boots
Stlth  +.........               Z - amulet of Ike Zeik {rElec rC++ Regen+ Int-3}
                                W - ring of positive energy
                                A - ring of protection from fire

@: very slightly contaminated
A: retaliatory headbutt, hooves 1, horns 3, rugged brown scales 1, slimy green
scales 1, thin metallic scales 1, clever 2, deterioration 2, fire resistance 2,
evolution 1
a: Renounce Religion


You were on level 1 of the Depths.
You worshipped Xom.
You were a special plaything of Xom.
You were hungry.

You visited 5 branches of the dungeon, and saw 27 of its levels.
You visited the Abyss 1 time.
You also visited: Labyrinth and Ossuary.

You collected 2446 gold pieces.
You spent 2031 gold pieces at shops.

Inventory:

Hand Weapons
 o - a +2 demon whip of draining
 t - a +5 great mace of chaos
 x - the +7 great mace "Firestarter" (weapon) {inner flame, rF++}
   (You bought it in a shop on level 11 of the Dungeon)

   It has been specially enchanted to burn those struck by it, causing extra
   injury to most foes and up to half again as much damage against particularly
   susceptible opponents.
   It greatly protects you from fire.
 y - the cursed +7 mace of the Enemy {crush, -Tele Int+2 SInv}
   (You found it on level 4 of the Dungeon)

   It inflicts extra damage upon your enemies.
   It affects your intelligence (+2).
   It lets you see invisible.
   It prevents most forms of teleportation.
   It has a curse placed upon it.
Armour
 b - the +0 chain mail of the Leaf {MR++ Dex-2}
   (You acquired it on level 1 of the Depths)

   It affects your dexterity (-2).
   It affects your resistance to hostile enchantments.
 N - a +1 buckler of cold resistance
 O - a +2 pair of gloves of strength (worn)
 S - a +0 pair of boots (worn)
 V - a +0 cloak (worn)
 X - a +5 ring mail of poison resistance (worn)
Jewellery
 h - an uncursed ring of poison resistance
 l - an uncursed ring of protection from cold
 w - the ring of Kount {-Tele Str+7 Dex+3 SInv}
   (You found it on level 4 of the Lair of Beasts)

   [ring of dexterity]

   It affects your strength (+7).
   It affects your dexterity (+3).
   It lets you see invisible.
   It prevents most forms of teleportation.
 A - a ring of protection from fire (left hand)
 E - a +4 amulet of reflection
 M - an uncursed ring of protection from fire
 W - a ring of positive energy (right hand)
 Y - the ring of Hihef {rElec Int+3 SInv}
   (You found it in a labyrinth)

   [ring of intelligence]

   It affects your intelligence (+3).
   It insulates you from electricity.
   It lets you see invisible.
 Z - the amulet of Ike Zeik (around neck) {rElec rC++ Regen+ Int-3}
   (You found it in a labyrinth)

   [amulet of regeneration]

   It affects your intelligence (-3).
   It greatly protects you from cold.
   It insulates you from electricity.
   It increases your rate of regeneration.
Wands
 a - a wand of teleportation (3/9)
 e - a wand of iceblast (4/15)
 k - a wand of disintegration (21/24)
 q - a wand of paralysis (12/24)
 s - a wand of teleportation (3/9)
 z - a wand of hasting (1/9)
 G - a wand of lightning (1/15)
 H - a wand of flame (17/48)
 K - a wand of flame (20/48)
 Q - a wand of lightning (4/15)
 R - a wand of paralysis (13/24)
Scrolls
 d - 5 scrolls of identify
 f - 2 scrolls of enchant armour
 i - 9 scrolls of remove curse
 j - a scroll of fog
 r - 3 scrolls of teleportation
 L - 3 scrolls of magic mapping
 P - a scroll of enchant weapon
Potions
 n - 6 potions of agility
 p - 2 potions of magic
 u - 5 potions of curing
 B - a potion of might
 C - 4 potions of flight
 D - a potion of berserk rage
 F - 2 potions of cancellation
 J - a potion of haste
Miscellaneous
 v - a lamp of fire
 U - 2 boxes of beasts
Comestibles
 c - 14 bread rations
 g - a beef jerky
 m - 39 fruits


   Skills:
 * Level 20.3 Fighting
 * Level 23.1 Maces & Flails
 * Level 14.6 Armour
 * Level 12.7 Dodging
 - Level 1.0 Stealth
 * Level 13.3 Shields
 + Level 1.0 Unarmed Combat
 + Level 0.6 Evocations


You had 17 spell levels left.
You didn't know any spells.

Dungeon Overview and Level Annotations

Branches:
Dungeon (15/15)            Temple (0/1) D:4            Lair (6/6) D:10
 Shoals (0/4) Lair:3        Snake (1/4) Lair:2        Slime (0/5) Lair:6
    Orc (2/2) D:11            Elf (0/3) Orc:2        Vaults (0/5) D:13
 Depths (3/5) D:15

Altars:
Ashenzari
Cheibriados
Dithmenos
Elyvilon
Fedhas
Gozag
Hepliaklqana
Kikubaaqudgha
Makhleb
Nemelex Xobeh
Qazlal
Ru
Trog
Uskayaw
Vehumet
Xom
Zin

Shops:
D:9 !   D:11 [*(   D:12 =   Orc:2 [:[?*

Portals:
Hell: Lair:6 Depths:1 Depths:2 Depths:3
Pandemonium: Orc:2 Depths:2 Depths:3
Ziggurat: Depths:1

Annotations:
Abyss:1 Snorg


Innate Abilities, Weirdness & Mutations

You reflexively headbutt those who attack you in melee.
You have a pair of large horns on your head.
You have large cloven feet.
You are partially covered in rugged brown scales. (AC +1, +3% HP)
You are partially covered in slimy green scales. (AC +2)
You are partially covered in thin metallic scales. (AC +2)
Your mind is very acute. (Int +4)
Your body often deteriorates upon taking damage.
Your flesh is very heat resistant. (rF++)
You evolve.


Message History

The golden dragon is almost dead. "Let's see if it's strong enough to survive yet."
The tengu reaver's battleaxe of draining dances into the air!
The golden dragon is engulfed in roaring flames.
The golden dragon breathes cold at you. The bolt of cold hits you! You resist.
* * * LOW HITPOINT WARNING * * *
You hear a sizzling sound!
The tengu reaver gestures wildly while chanting.
The tengu reaver conjures a globe of magical energy!
A battlesphere comes into view.
You hit the golden dragon but do no damage.
You headbutt the golden dragon, but do no damage.
The golden dragon is almost dead.
The golden dragon is engulfed in roaring flames.
The golden dragon completely misses you.
The golden dragon claws you but does no damage.
The golden dragon tramples you!
You die... "What!?
That's it?"

..≈≈≈................(....##.....
#..................##.(....#.....
(..........(......###......(.....
..........[..#.##................
...........(##)Q..##.(##....((...
...........[###*(.#..((..##.#....
............####..........####.≈.
≈≈≈.......(##......[..##.####..≈.
........)..##.§§@.(......###...≈.
......))).....§§D(........##....≈
.......<....[§§§§.........##.##.≈
....(.(.)..)§§§§.........###....≈
###..(.....≈≈≈§........[..#.#..≈≈
###......≈≈≈≈≈...............≈≈
#......)≈≈≈≈......(..(......≈≈
#.........≈≈..........(.....≈≈
####.........≈≈..##.######(######


You could see a golden dragon (inner flame), a tengu reaver, a battlesphere and
a friendly battleaxe of draining.

Vanquished Creatures
  Sojobo (Depths:2)
  A hellephant (Depths:2)
  A quicksilver dragon (Abyss:4)
  A tentacled starspawn (Abyss:4)
  Gastronok (Lair:1)
  2 shadow dragons
  3 tengu reavers
  5 fire giants
  3 frost giants
  The ghost of Struensee the Slayer, a journeyman OgBe of Trog (Lair:2)
  A draconian annihilator (Depths:1)
  The ghost of Camlann the Peltast, a journeyman GrFi of Okawaru (D:13)
  2 spriggan defenders
  10 very ugly things
  9 stone giants
  17 dire elephants
  2 spark wasps (Depths:2)
  A blizzard demon (Abyss:4)
  6 ettins
  A minotaur (Lab)
  5 fire dragons
  A great orb of eyes (Depths:2)
  A great orb of eyes (shapeshifter) (D:15)
  2 yaktaur captains (Depths:2)
  8 hydras
  6 ice dragons
  5 rakshasas
  3 vault guards (D:13)
  2 spriggan air magi
  5 centaur warriors
  A hell beast (Lair:6)
  A catoblepas (D:13)
  Erica (D:9)
  The ghost of emsyzz the Thaumaturge, a journeyman DEFE of Vehumet (D:12)
  8 death yaks (Lair:6)
  5 deep troll shamans
  The ghost of Kiel97 the Gargoyle Mishap, a journeyman GrMo of Qazlal (Lair:2)
  2 vampire magi
  A spriggan berserker (Depths:2)
  4 ogre magi
  5 deep troll earth magi
  3 orc high priests (Orc:2)
  10 hell knights
  A shock serpent (Snake:1)
  6 tengu warriors
  Sonja (Lair:4)
  A soul eater (Orc:2)
  21 slime creatures
  The ghost of emsyzz the Thaumaturge, a novice DEFE of Vehumet (D:10)
  2 wretched stars (Abyss:4)
  An iron troll (Depths:1)
  2 unseen horrors
  10 deep trolls
  A flayed ghost (Depths:2)
  A swamp dragon (D:15)
  3 infernal demonspawn (Orc:2)
  2 glowing orange brains (Depths:2)
  A torturous demonspawn (Orc:2)
  2 wizards
  5 hill giants
  4 orc knights (Orc:2)
  Pikel (D:5)
  2 deep elf magi
  An orb spider (Abyss:4)
  A stone giant zombie (Abyss:4)
  8 orc sorcerers (Orc:2)
  A necromancer (Depths:2)
  24 ugly things
  A cyclops (D:13)
  An oklob plant (Lair:3)
  2 salamanders
  A wolf spider (D:15)
  2 manticores
  A rust devil (Orc:2)
  2 smoke demons
  14 elephants
  5 centaur zombies
  11 black mambas
  An eye of devastation (Lair:6)
  17 spiny frogs
  A torpor snail (Depths:2)
  4 orange demons (Lair:6)
  A kobold demonologist (D:12)
  3 rime drakes
  10 yaktaurs
  8 komodo dragons
  An ice devil (Orc:2)
  2 freezing wraiths
  2 hellwings
  3 red devils (Lair:6)
  An ancient zyme (Abyss:4)
  A merfolk (D:13)
  5 polar bears
  7 trolls
  A hornet (Lair:6)
  A two-headed ogre (shapeshifter) (Depths:3)
  9 two-headed ogres
  26 blink frogs
  A wolf spider simulacrum (Abyss:4)
  12 hippogriffs
  Prince Ribbit (D:6)
  8 raiju (Abyss:4)
  5 dream sheep (Lair:6)
  4 redbacks (Lab)
  5 starcursed masses (Abyss:4)
  Sigmund (D:4)
  A ynoxinul (Abyss:4)
  2 shadows (Lab)
  2 air elementals (Depths:1)
  A tarantella (shapeshifter) (Depths:3)
  3 basilisks
  5 water elementals (Depths:1)
  2 wraiths
  27 yaks
  A spriggan (shapeshifter) (Depths:1)
  A spriggan (Lair:2)
  A wyvern (D:13)
  A hog (shapeshifter) (D:13)
  6 fire bats
  A steam dragon (shapeshifter) (D:14)
  A golden eye (shapeshifter) (D:15)
  4 hungry ghosts (Lab)
  2 neqoxecs
  7 vampire mosquitoes
  A steam dragon (D:11)
  Edmund (D:6)
  A chaos spawn (Abyss:4)
  2 wargs (Orc:2)
  3 mottled dragons
  A swamp worm (Snake:1)
  A naga (Snake:1)
  A small abomination (Abyss:4)
  A water moccasin (shapeshifter) (Depths:2)
  2 hell hounds (Lair:6)
  A large abomination (Abyss:4)
  20 water moccasins
  13 porcupines
  33 orc warriors
  2 ice beasts
  A slave (D:5)
  2 black bears (D:7)
  3 sky beasts
  3 eyes of draining
  A boggart (D:9)
  4 phantoms
  15 ogres
  7 centaurs
  21 wolves
  18 crocodiles
  2 big kobolds
  19 bullfrogs
  An earth elemental (Lab)
  A gnoll sergeant (D:5)
  A wyvern zombie (D:9)
  A wyvern skeleton (D:12)
  8 scorpions
  A water moccasin skeleton (D:4)
  5 wights (D:15)
  5 howler monkeys
  2 crimson imps
  2 quasits
  10 hounds
  7 jellies
  6 centaur skeletons
  24 orc priests
  2 bullfrog skeletons
  3 iguanas
  Ijyb (D:2)
  22 orc wizards
  13 worker ants
  2 killer bee zombies
  2 big kobold zombies (Ossuary)
  A hound zombie (Ossuary)
  A hound skeleton (D:4)
  3 mummies (Ossuary)
  7 gnolls
  22 adders
  2 river rats
  2 shadow imps (D:9)
  An ooze (D:1)
  2 adder zombies (Ossuary)
  3 adder skeletons
  A worm (D:2)
  2 dart slugs
  6 leopard geckos
  64 orcs
  4 ball pythons
  A bat zombie (D:9)
  6 giant cockroaches
  2 gnoll zombies (Ossuary)
  7 hobgoblins
  7 jackals
  6 quokkas
  10 bats
  6 frilled lizards
  15 goblins
  2 hobgoblin zombies (Ossuary)
  15 kobolds
  4 kobold zombies (Ossuary)
  A leopard gecko skeleton (D:4)
  A quokka skeleton (D:7)
  9 rats
  3 fungi
  14 plants
  A starspawn tentacle (Abyss:4)
1031 creatures vanquished.

Vanquished Creatures (collateral kills)
  A vault guard (D:13)
  An unseen horror (D:13)
  2 blink frogs (Lair:5)
  A slime creature (Depths:1)
  A porcupine (Lair:3)
  2 phantoms
  A swamp drake (D:6)
  A centaur (D:5)
  Terence (D:3)
  A worker ant (D:13)
  A shadow imp (D:5)
  A worm (D:4)
  An orc (D:4)
  A jackal (D:4)
16 creatures vanquished.

Vanquished Creatures (others)
  A fire dragon (Depths:2)
  2 slaves (D:5)
  An ogre (D:6)
  A bullfrog (D:6)
  An orc wizard (D:4)
  A mummy (Ossuary)
  A howler monkey zombie (D:5)
  An ooze (D:5)
  A leopard gecko (D:5)
  3 jackals (D:6)
  A kobold (D:11)
  119 fungi
  63 plants
  A starspawn tentacle (Abyss:4)
197 creatures vanquished.

Grand Total: 1244 creatures vanquished

Notes
Turn   | Place    | Note
-------+----------+-------------------------------------------
     0 | D:1      | Lennu the Minotaur Chaos Knight began the quest for the Orb.
     0 | D:1      | Reached XP level 1. HP: 19/19 MP: 0/0
    93 | D:1      | XOM: harmless Ice miscast
   510 | D:1      | Reached XP level 2. HP: 21/27 MP: 1/1
   649 | D:1      | XOM: divination: detect creatures
  1159 | D:2      | XOM: silly message
  1226 | D:2      | Reached skill level 4 in Maces & Flails
  1278 | D:2      | Reached XP level 3. HP: 29/33 MP: 2/2
  1470 | D:2      | Noticed Ijyb
  1473 | D:2      | XOM: smoke on damage
  1476 | D:2      | Killed Ijyb
  1482 | D:2      | XOM: noise
  1635 | D:2      | Reached XP level 4. HP: 39/41 MP: 3/3
  1663 | D:2      | Found a burning altar of Makhleb.
  2185 | D:2      | Found a radiant altar of Vehumet.
  2534 | D:3      | Found a shadowy altar of Dithmenos.
  2560 | D:3      | Reached skill level 5 in Maces & Flails
  2828 | D:3      | Noticed Terence
  2828 | D:3      | XOM: summons 4 friendly demons
  2835 | D:3      | Killed Terence
  2989 | D:3      | Reached XP level 5. HP: 31/47 MP: 4/4
  3139 | D:3      | XOM: scenery: 3 doors open, 1 doors close
  3231 | D:3      | Reached skill level 1 in Stealth
  3350 | D:3      | Found a shadowy altar of Dithmenos.
  3413 | D:3      | XOM: god gift: weird runed staff {god gift}
  3443 | D:3      | Reached skill level 5 in Fighting
  3544 | D:3      | XOM: god gift: scroll labeled BERUVABIGE {god gift}
  3742 | D:3      | XOM: give mutations
  3742 | D:3      | Gained mutation: You have large cloven feet. [Xom's grace]
  3742 | D:3      | Gained mutation: You are somewhat resistant to further mutation. [Xom's grace]
  3742 | D:3      | Gained mutation: You can translocate small distances at will. [Xom's grace]
  3759 | D:3      | Reached skill level 1 in Shields
  3780 | D:3      | XOM: harmless Fire miscast
  3882 | D:3      | XOM: divination: detect items
  3924 | D:4      | XOM: god gift: glowing great mace {god gift}
  3929 | D:4      | Reached skill level 6 in Maces & Flails
  3929 | D:4      | Reached XP level 6. HP: 41/56 MP: 5/5
  4121 | D:4      | Found a blossoming altar of Fedhas.
  4152 | D:4      | XOM: god gift: 37 gold pieces
  4178 | D:4      | XOM: summons 3 hostile demons
  4249 | D:4      | XOM: mild Necr miscast
  4261 | D:4      | XOM: silly message
  4518 | D:4      | XOM: summons 2 hostile shadow creatures
  4802 | D:4      | XOM: divination: detect creatures
  4807 | D:4      | Noticed Sigmund
  4807 | D:4      | XOM: cast spell 'Death Channel'
  4818 | D:4      | Killed Sigmund
  4818 | D:4      | Reached skill level 7 in Maces & Flails
  4818 | D:4      | Reached XP level 7. HP: 61/61 MP: 6/6
  4825 | D:4      | Got a crude mace
  4832 | D:4      | Found a staircase to the Ecumenical Temple.
  4930 | D:4      | XOM: summons 3 hostile demons
  5100 | D:5      | Entered Level 5 of the Dungeon
  5176 | D:5      | XOM: scenery: create altars
  5178 | D:5      | Noticed Pikel
  5187 | D:5      | Killed Pikel
  5187 | D:5      | Reached skill level 8 in Maces & Flails
  5187 | D:5      | Reached XP level 8. HP: 67/70 MP: 7/7
  5222 | D:5      | Found a hide-covered altar of Uskayaw.
  5235 | D:5      | Reached skill level 9 in Maces & Flails
  5248 | D:5      | XOM: cast spell 'Monstrous Menagerie'
  5327 | D:5      | Found a bloodstained altar of Trog.
  5510 | D:5      | XOM: 1-stop teleportation journey
  5570 | D:5      | XOM: 1-stop teleportation journey
  5813 | D:5      | XOM: give mutations
  5813 | D:5      | Gained mutation: Your mind is acute. (Int +2) [Xom's grace]
  5813 | D:5      | Gained mutation: You are resistant to hostile enchantments. (MR+) [Xom's grace]
  5816 | D:5      | XOM: summons 3 hostile demons
  5817 | D:5      | Noticed a red devil
  5824 | D:5      | XOM: polymorph leopard gecko -> river rat
  5826 | D:5      | Lost mutation: Your mind is acute. (Int +2) [potion of cure mutation]
  5826 | D:5      | Lost mutation: You have large cloven feet. [potion of cure mutation]
  5826 | D:5      | Lost mutation: You can translocate small distances at will. [potion of cure mutation]
  5826 | D:5      | Lost mutation: You are resistant to hostile enchantments. (MR+) [potion of cure mutation]
  5842 | D:5      | XOM: swap monsters
  5847 | D:5      | Reached skill level 10 in Maces & Flails
  5894 | D:5      | Identified the +7 mace of the Enemy {crush, -Tele Int+2 SInv} (You found it on level 4 of the Dungeon)
  6050 | D:5      | XOM: medium Hex miscast
  6091 | D:5      | XOM: smoke on damage
  6182 | D:5      | XOM: mild Pois miscast
  6329 | D:5      | XOM: mild Conj miscast
  6409 | D:6      | Reached skill level 5 in Armour
  6452 | D:6      | Found a burning altar of Makhleb.
  6452 | D:6      | Noticed a balrug
  6471 | D:6      | Found an opulent altar of Gozag.
  6478 | D:6      | XOM: polymorph ice beast -> swamp drake
  6592 | D:6      | Reached XP level 9. HP: 78/78 MP: 8/8
  6607 | D:6      | XOM: cast spell 'Hydra Form'
  6712 | D:6      | Found a snail-covered altar of Cheibriados.
  6892 | D:6      | Noticed Edmund
  6905 | D:6      | Killed Edmund
  6905 | D:6      | Reached skill level 11 in Maces & Flails
  7107 | D:6      | Found a sparkling altar of Nemelex Xobeh.
  7199 | D:6      | XOM: give mutations
  7199 | D:6      | Gained mutation: You are resistant to hostile enchantments. (MR+) [Xom's grace]
  7199 | D:6      | Gained mutation: You are partially covered in slimy green scales. (AC +2) [Xom's grace]
  7205 | D:6      | Noticed Prince Ribbit
  7217 | D:6      | XOM: harmless Conj miscast
  7219 | D:6      | Killed Prince Ribbit
  7328 | D:6      | XOM: 4-stop teleportation journey
  7342 | D:6      | XOM: scenery: create altars
  7501 | D:6      | XOM: severe Hex miscast
  7587 | D:6      | XOM: harmless Chrm miscast
  7814 | D:6      | XOM: scenery: create altars
  7821 | D:7      | Found a stormy altar of Qazlal.
  7848 | D:7      | XOM: enchant monster (good)
  7904 | D:7      | XOM: divination: detect creatures
  7919 | D:7      | Reached skill level 12 in Maces & Flails
  8020 | D:7      | XOM: mild Summ miscast
  8023 | D:7      | XOM: divination: detect items
  8043 | D:7      | Found a glowing silver altar of Zin.
  8046 | D:7      | Reached skill level 5 in Shields
  8308 | D:7      | Found a sacrificial altar of Ru.
  8720 | D:8      | Found a sand-covered staircase.
  8724 | Ossuary  | Entered an ossuary
  8920 | D:8      | Reached skill level 5 in Dodging
  8991 | D:8      | Found a hazy altar of Hepliaklqana.
  8991 | D:8      | Found a faded altar of an unknown god.
  8996 | D:8      | Found a faded altar of an unknown god.
  8998 | D:8      | Found a faded altar of an unknown god.
  9000 | D:8      | Found a faded altar of an unknown god.
  9107 | D:8      | Reached XP level 10. HP: 85/86 MP: 9/9
  9248 | D:8      | XOM: 1-stop teleportation journey
  9609 | D:9      | Found a white marble altar of Elyvilon.
  9627 | D:9      | XOM: give mutations
  9627 | D:9      | Gained mutation: You have large cloven feet. [Xom's grace]
  9627 | D:9      | Gained mutation: You have hoof-like feet. [Xom's grace]
  9640 | D:9      | XOM: polymorph centaur -> boggart
  9739 | D:9      | Found Uwkuss's Distillery.
  9749 | D:9      | Bought a potion of curing for 45 gold pieces
  9749 | D:9      | Bought a potion of curing for 45 gold pieces
  9749 | D:9      | Bought a potion of flight for 45 gold pieces
  9749 | D:9      | Bought a potion of flight for 45 gold pieces
  9943 | D:9      | XOM: god gift: runed broad axe {god gift}
  9958 | D:9      | Noticed Erica
  9963 | D:9      | Reached skill level 13 in Maces & Flails
  9971 | D:9      | Killed Erica
 10082 | D:9      | XOM: give mutations
 10082 | D:9      | Gained mutation: You are highly resistant to hostile enchantments. (MR++) [Xom's grace]
 10082 | D:9      | Gained mutation: You have a pair of large horns on your head. [Xom's grace]
 10082 | D:9      | Gained mutation: You are partially covered in thin metallic scales. (AC +2) [Xom's grace]
 10082 | D:9      | Gained mutation: You are partially covered in rugged brown scales. (AC +1, +3% HP) [Xom's grace]
 10373 | D:9      | Found an ancient bone altar of Kikubaaqudgha.
 10484 | D:9      | Found a shimmering altar of Xom.
 10721 | D:9      | Found a shattered altar of Ashenzari.
 10891 | D:10     | Entered Level 10 of the Dungeon
 10919 | D:10     | XOM: summons 7 friendly demons
 11043 | D:10     | Noticed emsyzz's ghost (novice DEFE)
 11267 | D:10     | Noticed a hill giant
 11270 | D:10     | XOM: destruction
 11273 | D:10     | Killed a hill giant
 11275 | D:10     | XOM: enchant monster (good)
 11280 | D:10     | XOM: cleaving
 11291 | D:10     | Killed emsyzz's ghost
 11291 | D:10     | Reached skill level 14 in Maces & Flails
 11296 | D:10     | Found a staircase to the Lair.
 11296 | D:10     | XOM: confusion (+ monsters)
 11695 | D:10     | Noticed a hill giant
 11701 | D:10     | Killed a hill giant
 11701 | D:10     | Reached XP level 11. HP: 97/97 MP: 10/10
 11713 | D:10     | XOM: 1-stop teleportation journey
 11940 | D:10     | XOM: give mutations
 11940 | D:10     | Gained mutation: Your muscles are strong. (Str +2) [Xom's grace]
 11940 | D:10     | Gained mutation: You can translocate small distances at will. [Xom's grace]
 11940 | D:10     | Gained mutation: You possess an exceptional clarity of mind. [Xom's grace]
 12126 | D:11     | Found Jopn's Antique Armour Shop.
 12164 | D:11     | XOM: give mutation
 12164 | D:11     | Lost mutation: You possess an exceptional clarity of mind. [Xom's mischief]
 12169 | D:11     | Bought a glowing ring mail for 320 gold pieces
 12193 | D:11     | Bought an ancient leather armour for 224 gold pieces
 12204 | D:11     | Identified the +1 leather armour of Benevolence {Int+3 SInv} (You bought it in a shop on level 11 of the Dungeon)
 12513 | D:11     | Noticed a hill giant
 12522 | D:11     | Killed a hill giant
 12660 | D:11     | Found Qoraez's Assorted Antiques.
 12728 | D:11     | Found Amecu's Weapon Emporium.
 12739 | D:11     | Reached skill level 15 in Maces & Flails
 12886 | D:11     | Found a staircase to the Orcish Mines.
 13122 | D:12     | Found Iplo's Jewellery Boutique.
 13149 | D:12     | XOM: confusion
 13364 | D:12     | XOM: give mutation
 13364 | D:12     | Gained mutation: You are dopey. (Int -2) [Xom's mischief]
 13383 | D:12     | XOM: harmless Chrm miscast
 13527 | Lair:1   | Entered Level 1 of the Lair of Beasts
 13804 | Lair:1   | Noticed Gastronok
 13808 | Lair:1   | XOM: blink monster(s)
 13812 | Lair:1   | Killed Gastronok
 13887 | Lair:1   | Reached skill level 10 in Fighting
 13955 | Lair:1   | Reached skill level 16 in Maces & Flails
 14023 | Lair:1   | XOM: enchant monster (bad)
 14026 | Lair:1   | XOM: butterfly on damage
 14093 | Lair:1   | XOM: summons 1 hostile shadow creature
 14576 | Lair:1   | XOM: summons 11 friendly demons
 14838 | Lair:1   | XOM: give mutations
 14838 | Lair:1   | Lost mutation: Your muscles are strong. (Str +2) [Xom's mischief]
 14838 | Lair:1   | Lost mutation: You are highly resistant to hostile enchantments. (MR++) [Xom's mischief]
 14859 | Lair:1   | XOM: give mutations
 14859 | Lair:1   | Lost mutation: You have a pair of large horns on your head. [Xom's mischief]
 14859 | Lair:1   | Gained mutation: Armour fits poorly on your strangely shaped body. [Xom's mischief]
 14859 | Lair:1   | Lost mutation: You are dopey. (Int -2) [Xom's mischief]
 15053 | Lair:1   | XOM: harmless Ice miscast
 15071 | Lair:2   | Found a labyrinth entrance.
 15076 | Lab      | Entered a labyrinth
 15216 | Lab      | XOM: harmless Divn miscast
 15233 | Lab      | XOM: harmless Summ miscast
 15352 | Lab      | XOM: 1-stop teleportation journey
 15370 | Lab      | Reached XP level 12. HP: 106/109 MP: 11/11
 15574 | Lab      | XOM: mild Divn miscast
 16003 | Lab      | XOM: 1-stop teleportation journey
 16010 | Lab      | Noticed a minotaur
 16016 | Lab      | Killed a minotaur
 16020 | Lab      | Got a flickering silver ring
 16020 | Lab      | Got a pitted graven amulet
 16052 | Lab      | Identified the ring of Hihef {rElec Int+3 SInv} (You found it in a labyrinth)
 16053 | Lab      | Identified the amulet of Ike Zeik {rElec rC++ Regen+ Int-3} (You found it in a labyrinth)
 16252 | Lair:1   | XOM: confuse monster(s)
 16345 | Lair:1   | XOM: mild Hex miscast
 16518 | Lair:2   | Found a staircase to the Snake Pit.
 16529 | Lair:2   | Noticed Struensee's ghost (journeyman OgBe)
 16537 | Lair:2   | XOM: swap monsters
 16548 | Lair:2   | XOM: summons 1 hostile shadow creature
 16568 | Lair:2   | XOM: polymorph komodo dragon -> something unseen
 16575 | Lair:2   | Killed Struensee's ghost
 16575 | Lair:2   | Reached skill level 17 in Maces & Flails
 16646 | Lair:2   | XOM: summons 1 hostile demon
 16702 | Lair:2   | Noticed Kiel97's ghost (journeyman GrMo)
 16712 | Lair:2   | Killed Kiel97's ghost
 16763 | Lair:2   | XOM: harmless Fire miscast
 16775 | Lair:2   | XOM: silly message
 17083 | Lair:2   | XOM: mild Air miscast
 17158 | Lair:2   | Noticed a five-headed hydra
 17167 | Lair:2   | Killed a five-headed hydra
 17779 | Lair:2   | XOM: enchant monster (bad)
 17819 | Lair:3   | XOM: divination: detect items
 17999 | Lair:3   | XOM: noise
 18005 | Lair:3   | XOM: cast spell 'Summon Ice Beast'
 18028 | Lair:3   | XOM: mild Necr miscast
 18221 | Lair:3   | Reached XP level 13. HP: 97/119 MP: 12/12
 18270 | Lair:3   | XOM: medium Hex miscast
 18271 | Lair:3   | You fall through a shaft!
 18532 | Lair:3   | Found a blossoming altar of Fedhas.
 18536 | Lair:3   | XOM: cloud trail
 18603 | Lair:3   | Found a staircase to the Shoals.
 18608 | Lair:3   | Reached skill level 18 in Maces & Flails
 18826 | Lair:3   | XOM: cast spell 'Hydra Form'
 19073 | Lair:3   | XOM: mild Conj miscast
 19226 | Lair:3   | XOM: god gift: glowing hand axe {god gift}
 19237 | Lair:3   | XOM: confuse monster(s)
 19266 | Lair:3   | XOM: give mutations
 19266 | Lair:3   | Gained mutation: You possess an exceptional clarity of mind. [Xom's grace]
 19266 | Lair:3   | Gained mutation: You are somewhat resistant to both further mutation and mutation removal. [Xom's grace]
 19299 | Lair:3   | XOM: scenery: create altars
 19438 | Lair:4   | Got a scorched silver ring
 19440 | Lair:4   | Identified the ring of Kount {-Tele Str+7 Dex+3 SInv} (You found it on level 4 of the Lair of Beasts)
 19485 | Lair:4   | XOM: give mutations
 19485 | Lair:4   | Lost mutation: You are somewhat resistant to both further mutation and mutation removal. [Xom's mischief]
 19485 | Lair:4   | Gained mutation: Your flesh is heat resistant. (rF+) [Xom's mischief]
 19485 | Lair:4   | Lost mutation: Armour fits poorly on your strangely shaped body. [Xom's mischief]
 19485 | Lair:4   | Lost mutation: You are resistant to hostile enchantments. (MR+) [Xom's mischief]
 19515 | Lair:4   | XOM: summons 1 hostile shadow creature
 19820 | Lair:4   | XOM: harmless Air miscast
 19933 | Lair:4   | Noticed Sonja
 19937 | Lair:4   | XOM: give mutations
 19937 | Lair:4   | Gained mutation: You expend magic power (3 MP) to strengthen your wands. [Xom's mischief]
 19937 | Lair:4   | Lost mutation: You have hoof-like feet. [Xom's mischief]
 19937 | Lair:4   | Lost mutation: You are somewhat resistant to further mutation. [Xom's mischief]
 19937 | Lair:4   | Gained mutation: Armour fits poorly on your strangely shaped body. [Xom's mischief]
 20147 | Lair:4   | XOM: mild Summ miscast
 20242 | Lair:4   | XOM: summons 3 hostile demons
 20253 | Lair:4   | Killed Sonja
 20535 | Lair:5   | XOM: give mutation
 20535 | Lair:5   | Lost mutation: You expend magic power (3 MP) to strengthen your wands. [Xom's mischief]
 20639 | Lair:5   | XOM: polymorph wolf -> mottled dragon
 20642 | Lair:5   | XOM: smoke on damage
 20701 | Lair:5   | XOM: summons 13 friendly demons
 20710 | Lair:5   | XOM: summons 2 hostile shadow creatures
 21316 | Lair:5   | XOM: potion effect (brilliance)
 21407 | Lair:6   | Entered Level 6 of the Lair of Beasts
 21453 | Lair:6   | XOM: divination: detect items
 21460 | Lair:6   | XOM: confuse monster(s)
 21462 | Lair:6   | XOM: harmless Conj miscast
 21467 | Lair:6   | XOM: confuse monster(s)
 21473 | Lair:6   | XOM: harmless Air miscast
 21493 | Lair:6   | XOM: summons friendly white imp
 21496 | Lair:6   | XOM: summons 4 friendly demons
 21500 | Lair:6   | Reached skill level 19 in Maces & Flails
 21563 | Lair:6   | XOM: divination: detect creatures
 21573 | Lair:6   | XOM: potion effect (invisibility)
 21581 | Lair:6   | XOM: enchant monster (good)
 21702 | Lair:6   | XOM: noise
 21721 | Lair:6   | XOM: polymorph blink frog -> hornet
 21734 | Lair:6   | Reached XP level 14. HP: 48/132 MP: 13/13
 21734 | Lair:6   | XOM: god gift: book of Dreams
 21735 | Lair:6   | XOM: confuse monster(s)
 21738 | Lair:6   | XOM: divination: detect creatures
 21754 | Lair:6   | XOM: potion effect (brilliance)
 21823 | Lair:6   | Reached skill level 10 in Armour
 22138 | Lair:6   | XOM: noise
 22332 | Lair:6   | Found a staircase to the Slime Pits.
 22438 | Lair:6   | XOM: enchant monster (bad)
 22542 | Lair:6   | XOM: smoke on damage
 22934 | Lair:6   | Found a burning altar of Makhleb.
 22960 | Lair:6   | XOM: potion effect (agility)
 22977 | Lair:6   | Reached skill level 20 in Maces & Flails
 23007 | Lair:6   | XOM: cast spell 'Summon Small Mammal'
 23065 | Lair:6   | XOM: god gift: fustibalus {god gift}
 23577 | Lair:6   | XOM: cast spell 'Hydra Form'
 23827 | Lair:6   | Found a gateway to Hell.
 24219 | Lair:6   | XOM: confuse monster(s)
 24264 | Lair:6   | Reached skill level 10 in Shields
 24401 | Lair:6   | XOM: enchant monster (good)
 24428 | Lair:6   | XOM: god gift: scroll of teleportation
 24915 | D:12     | XOM: 1-stop teleportation journey
 25021 | D:12     | Noticed emsyzz's ghost (journeyman DEFE)
 25030 | D:12     | Killed emsyzz's ghost
 25063 | D:12     | XOM: confuse monster(s)
 25292 | D:13     | Noticed Camlann's ghost (journeyman GrFi)
 25299 | D:13     | XOM: cleaving
 25301 | D:13     | XOM: potion effect (haste)
 25306 | D:13     | Killed Camlann's ghost
 25312 | D:13     | Gained mutation: Scrolls take you a little longer to read. [potion of mutation]
 25312 | D:13     | Lost mutation: You possess an exceptional clarity of mind. [potion of mutation]
 25370 | D:13     | XOM: potion effect (brilliance)
 25448 | D:13     | Noticed Snorg
 25459 | D:13     | XOM: potion effect (haste)
 25462 | D:13     | XOM: silly message
 25471 | D:13     | XOM: 3-stop teleportation journey
 25550 | D:13     | Banished Snorg
 25599 | D:13     | XOM: cast spell 'Summon Dragon'
 25625 | D:13     | XOM: polymorph black bear -> hog
 25630 | D:13     | Found a gate to the Vaults.
 25632 | D:13     | Reached skill level 10 in Dodging
 25632 | D:13     | Reached XP level 15. HP: 136/143 MP: 14/14
 25658 | D:13     | Gained mutation: You are robust. (+10% HP) [mutagenic meat]
 25659 | D:13     | Lost mutation: Scrolls take you a little longer to read. [mutagenic meat]
 25730 | D:13     | XOM: cast spell 'Shadow Creatures'
 25928 | D:13     | XOM: 2-stop teleportation journey
 26158 | D:13     | You fall through a shaft for 2 floors!
 26158 | D:15     | Entered Level 15 of the Dungeon
 26170 | D:15     | Reached skill level 15 in Fighting
 26353 | D:13     | XOM: confusion
 26362 | D:13     | XOM: fog
 26562 | D:13     | XOM: summons 1 hostile shadow creature
 27054 | D:14     | XOM: fake destruction
 27060 | D:14     | XOM: fog
 27101 | D:14     | Gained mutation: Your body sometimes deteriorates upon taking damage. [mutagenic meat]
 27102 | D:14     | Gained mutation: Your spells are a little harder to cast, but a little more powerful. [mutagenic meat]
 27103 | D:14     | Lost mutation: Your body sometimes deteriorates upon taking damage. [mutagenic meat]
 27106 | D:14     | Gained mutation: You have a pair of large horns on your head. [mutagenic meat]
 27107 | D:14     | Gained mutation: Your spells are harder to cast, but more powerful. [mutagenic meat]
 27109 | D:14     | Gained mutation: Your flesh is very heat resistant. (rF++) [mutagenic meat]
 27394 | D:14     | XOM: scenery: 1 doors open, 1 doors close
 27440 | D:14     | XOM: smoke on damage
 27794 | D:15     | XOM: give mutations
 27794 | D:15     | Lost mutation: Your spells are harder to cast, but more powerful. [Xom's mischief]
 27794 | D:15     | Lost mutation: Your spells are a little harder to cast, but a little more powerful. [Xom's mischief]
 27794 | D:15     | Lost mutation: You can translocate small distances at will. [Xom's mischief]
 27794 | D:15     | Gained mutation: Your body sometimes deteriorates upon taking damage. [Xom's mischief]
 27854 | D:15     | Found a staircase to the Depths.
 27884 | D:15     | XOM: cloud trail
 28089 | D:15     | XOM: give mutations
 28089 | D:15     | Gained mutation: You are agile. (Dex +2) [Xom's grace]
 28089 | D:15     | Gained mutation: You possess an exceptional clarity of mind. [Xom's grace]
 28089 | D:15     | Gained mutation: You evolve. [Xom's grace]
 28089 | D:15     | Gained mutation: Your spells are a little harder to cast, but a little more powerful. [Xom's grace]
 28211 | D:15     | XOM: cloud trail
 28435 | Depths:1 | Entered Level 1 of the Depths
 28439 | Depths:1 | Noticed a frost giant
 28446 | D:15     | XOM: fog
 28498 | D:14     | XOM: cloud trail
 28597 | Orc:1    | Entered Level 1 of the Orcish Mines
 28731 | Orc:2    | Entered Level 2 of the Orcish Mines
 28732 | Orc:2    | Found Mosow's Antique Armour Shop.
 28835 | D:11     | Bought 10 stones for 12 gold pieces
 28837 | D:11     | Bought the +7 great mace "Firestarter" {inner flame, rF++} for 854 gold pieces
 28953 | Orc:2    | Found a staircase to the Elven Halls.
 29377 | Orc:2    | XOM: 4-stop teleportation journey
 29389 | Orc:2    | Found Afyr's General Store.
 29395 | Orc:2    | Found Ycoru's Magic Scroll Boutique.
 29403 | Orc:2    | XOM: smoke on damage
 29664 | Orc:2    | Bought a scroll of enchant armour for 105 gold pieces
 29915 | Orc:2    | Gained mutation: Your magical capacity is low. (-10% MP) [a neqoxec]
 29916 | Orc:2    | Gained mutation: You are weak. (Str -2) [a neqoxec]
 29926 | Orc:2    | XOM: harmless Summ miscast
 29934 | Orc:2    | XOM: enchant monster (bad)
 29936 | Orc:2    | XOM: chaos upgrade
 29939 | Orc:2    | XOM: swap monsters
 29945 | Orc:2    | XOM: potion effect (brilliance)
 30012 | Orc:2    | Gained mutation: You have very sharp teeth. [evolution]
 30080 | Orc:2    | XOM: swap monsters
 30084 | Orc:2    | Reached skill level 21 in Maces & Flails
 30290 | Orc:2    | XOM: harmless Erth miscast
 30320 | Orc:2    | XOM: noise
 30329 | Orc:2    | XOM: enchant monster (good)
 30472 | Orc:2    | Found Caoxzy Waxos's Book Shoppe.
 30472 | Orc:2    | Found a one-way gate leading to the halls of Pandemonium.
 30472 | Orc:2    | Found Pynoacli's Antique Armour Emporium.
 30486 | Orc:2    | Bought a pair of embroidered gloves for 336 gold pieces
 30871 | Snake:1  | Entered Level 1 of the Snake Pit
 30871 | Snake:1  | XOM: polymorph anaconda -> swamp worm
 30917 | Snake:1  | XOM: enchant monster (bad)
 31160 | Lair:4   | XOM: harmless Ice miscast
 31407 | D:14     | Reached XP level 16. HP: 171/171 MP: 13/13
 31447 | Depths:1 | XOM: divination: detect items
 31466 | Depths:1 | XOM: cast spell 'Summon Dragon'
 31638 | D:15     | Lost mutation: Your magical capacity is low. (-10% MP) [mutagenic meat]
 31641 | Depths:1 | XOM: swap monsters
 31641 | Depths:1 | XOM: smoke on damage
 31643 | Depths:1 | XOM: medium Summ miscast
 31673 | D:15     | Lost mutation: You have a pair of large horns on your head. [mutagenic meat]
 31675 | D:15     | Lost mutation: You are agile. (Dex +2) [mutagenic meat]
 31750 | Depths:1 | XOM: summons friendly crimson imp
 31761 | Depths:1 | Noticed a tengu reaver
 31773 | Depths:1 | Killed a tengu reaver
 31902 | Depths:1 | Got an iridescent lajatang
 31903 | Depths:1 | Identified the cursed +1 lajatang of the Endless Expanse {protect, +Rage SInv} (You found it on level 1 of the Depths)
 31906 | Depths:1 | XOM: 3-stop teleportation journey
 32052 | Depths:1 | XOM: summons 2 hostile demons
 32213 | Depths:1 | XOM: give mutations
 32213 | Depths:1 | Lost mutation: You have large cloven feet. [Xom's mischief]
 32213 | Depths:1 | Lost mutation: You possess an exceptional clarity of mind. [Xom's mischief]
 32213 | Depths:1 | Lost mutation: Your spells are a little harder to cast, but a little more powerful. [Xom's mischief]
 32213 | Depths:1 | Lost mutation: Armour fits poorly on your strangely shaped body. [Xom's mischief]
 32294 | Depths:1 | Identified a scroll of acquirement
 32301 | Depths:1 | Got a shimmering chain mail
 32312 | Depths:1 | Identified the +0 chain mail of the Leaf {MR++ Dex-2} (You acquired it on level 1 of the Depths)
 32318 | Depths:1 | XOM: medium Ice miscast
 32320 | Depths:1 | Noticed a shadow dragon
 32320 | Depths:1 | a stone giant changed into a shadow dragon
 32320 | Depths:1 | XOM: polymorph stone giant -> shadow dragon
 32321 | Depths:1 | XOM: swap monsters
 32332 | Depths:1 | Killed a shadow dragon
 32475 | Depths:1 | XOM: mild Fire miscast
 32515 | Depths:1 | Lost mutation: Your flesh is very heat resistant. (rF++) [mutagenic meat]
 32517 | Depths:1 | Gained mutation: You have large cloven feet. [mutagenic meat]
 32518 | Depths:1 | Gained mutation: Your mind is acute. (Int +2) [mutagenic meat]
 32520 | Depths:1 | Gained mutation: Your mind is very acute. (Int +4) [mutagenic meat]
 32533 | Depths:1 | XOM: harmless Necr miscast
 32547 | Depths:1 | HP: 1/175 [something (32)]
 32553 | Depths:1 | XOM: harmless Tmut miscast
 32614 | Depths:1 | XOM: chaos cloud
 32616 | Depths:1 | XOM: confusion
 32779 | D:15     | XOM: summons 3 hostile demons
 32802 | Depths:1 | XOM: confusion
 32931 | Depths:1 | XOM: give mutations
 32931 | Depths:1 | Lost mutation: You are weak. (Str -2) [Xom's mischief]
 32931 | Depths:1 | Gained mutation: You are agile. (Dex +2) [Xom's mischief]
 32931 | Depths:1 | Gained mutation: You have a pair of large horns on your head. [Xom's mischief]
 32931 | Depths:1 | Gained mutation: Your body often deteriorates upon taking damage. [Xom's mischief]
 33010 | Depths:1 | XOM: harmless Erth miscast
 33013 | Depths:1 | XOM: potion effect (agility)
 33110 | Depths:1 | Lost mutation: You are agile. (Dex +2) [mutagenic meat]
 33112 | Depths:1 | Gained mutation: You rapidly evolve. [mutagenic meat]
 33114 | Depths:1 | Lost mutation: You rapidly evolve. [mutagenic meat]
 33115 | Depths:1 | Gained mutation: Your spells are a little harder to cast, but a little more powerful. [mutagenic meat]
 33118 | Depths:1 | Lost mutation: You are robust. (+10% HP) [mutagenic meat]
 33119 | Depths:1 | Gained mutation: You are clumsy. (Dex -2) [mutagenic meat]
 33120 | Depths:1 | Lost mutation: Your spells are a little harder to cast, but a little more powerful. [mutagenic meat]
 33121 | Depths:1 | Lost mutation: You have very sharp teeth. [mutagenic meat]
 33212 | Depths:1 | Found a gateway to a ziggurat.
 33465 | Depths:1 | XOM: potion effect (invisibility)
 33557 | Depths:2 | XOM: cast spell 'Summon Small Mammal'
 33771 | Depths:2 | XOM: summons friendly iron imp
 33844 | Depths:2 | XOM: divination: detect creatures
 33848 | Depths:2 | Noticed a hellephant
 33858 | Depths:2 | XOM: potion effect (invisibility)
 33866 | Depths:2 | XOM: cast spell 'Cause Fear'
 33972 | D:15     | XOM: divination: detect items
 34220 | Depths:1 | XOM: summons friendly crimson imp
 34242 | Depths:1 | XOM: cast spell 'Summon Ice Beast'
 34248 | Depths:1 | XOM: confusion
 34259 | Depths:1 | Reached XP level 17. HP: 12/167 MP: 16/16
 34625 | Depths:2 | XOM: enchant monster (good)
 34637 | Depths:2 | Reached skill level 22 in Maces & Flails
 34651 | Depths:2 | XOM: fog
 34734 | Depths:2 | XOM: fake destruction
 34797 | Depths:1 | XOM: god gift: 4 curare-tipped needles
 34808 | Depths:1 | Lost mutation: You are clumsy. (Dex -2) [evolution]
 35107 | Depths:1 | XOM: cloud trail
 35128 | Depths:2 | XOM: god gift: pair of glowing gloves {god gift}
 35179 | Depths:2 | XOM: cast spell 'Metabolic Englaciation'
 35194 | Depths:2 | XOM: scenery: create altars
 35451 | Depths:1 | XOM: severe Conj miscast
 35533 | Depths:2 | XOM: confusion
 35830 | Depths:2 | Lost mutation: You have large cloven feet. [mutagenic meat]
 35833 | Depths:2 | Gained mutation: You have large cloven feet. [mutagenic meat]
 35834 | Depths:2 | Gained mutation: Your flesh is very heat resistant. (rF++) [mutagenic meat]
 35886 | Depths:2 | XOM: 1-stop teleportation journey
 35887 | Depths:2 | XOM: 3-stop teleportation journey
 35913 | Depths:2 | XOM: confuse monster(s)
 35920 | Depths:2 | XOM: smoke on damage
 35928 | Depths:2 | XOM: confuse monster(s)
 36130 | Depths:2 | XOM: polymorph slime creature -> swamp worm
 36135 | Depths:2 | XOM: scenery: create altars
 36360 | Depths:1 | XOM: cloud trail
 36442 | Depths:1 | XOM: mild Conj miscast
 36636 | Depths:1 | XOM: noise
 36706 | Depths:1 | XOM: confusion (+ monsters)
 36865 | Depths:2 | Noticed Sojobo
 36867 | Depths:2 | XOM: enchant monster (good)
 36894 | Depths:2 | XOM: summons 2 friendly demons
 36903 | Depths:2 | XOM: chaos cloud
 36904 | Depths:2 | XOM: summons friendly white imp
 36912 | Depths:2 | Killed Sojobo
 37045 | Depths:2 | XOM: blink monster(s)
 37058 | Depths:2 | XOM: harmless Tmut miscast
 37065 | Depths:2 | XOM: blink monster(s)
 37079 | Depths:2 | XOM: confusion
 37087 | Depths:2 | XOM: enchant monster (bad)
 37273 | Depths:1 | XOM: medium Conj miscast
 37314 | Depths:2 | XOM: repel stairs
 37317 | Depths:2 | XOM: medium Summ miscast
 37504 | Depths:2 | Killed a hellephant
 37784 | Depths:2 | XOM: blink monster(s)
 37973 | Depths:2 | Reached XP level 18. HP: 141/181 MP: 17/17
 37988 | Depths:2 | XOM: cast spell 'Death Channel'
 37990 | Depths:2 | XOM: swap monsters
 38015 | Depths:2 | XOM: cleaving
 38280 | Depths:2 | Found a sacrificial altar of Ru.
 38747 | Depths:2 | XOM: harmless Summ miscast
 38805 | Depths:3 | XOM: polymorph fire giant -> shadow dragon
 38810 | Depths:3 | XOM: noise
 38851 | Depths:3 | XOM: enchant monster (bad)
 38900 | Depths:3 | XOM: mild Pois miscast
 38924 | Depths:3 | XOM: harmless Fire miscast
 38944 | Depths:3 | XOM: summons 9 hostile demons
 39051 | Depths:3 | XOM: summons 3 hostile shadow creatures
 39056 | Depths:3 | XOM: mild Chrm miscast
 39056 | Depths:3 | XOM: smoke on damage
 39062 | Depths:3 | XOM: 2-stop teleportation journey
 39070 | Depths:3 | XOM: summons friendly quasit
 39072 | Depths:3 | XOM: harmless Chrm miscast
 39215 | Depths:3 | XOM: god gift: twisted jewelled staff {god gift}
 39218 | Depths:3 | XOM: harmless Pois miscast
 39232 | Depths:3 | XOM: potion effect (agility)
 39245 | Depths:3 | XOM: divination: detect creatures
 39263 | Depths:2 | XOM: medium Tloc miscast
 39263 | Depths:2 | Cast into level 4 of the Abyss (the capriciousness of Xom)
 39325 | Abyss:4  | XOM: enchant monster (bad)
 39327 | Abyss:4  | XOM: harmless Tmut miscast
 39361 | Abyss:4  | XOM: confusion
 39385 | Abyss:4  | XOM: confuse monster(s)
 39396 | Abyss:4  | XOM: divination: magic mapping
 39397 | Abyss:4  | XOM: potion effect (curing)
 39421 | Abyss:4  | Reached skill level 23 in Maces & Flails
 39422 | Abyss:4  | XOM: confuse monster(s)
 39503 | Abyss:4  | XOM: enchant monster (good)
 39530 | Abyss:4  | XOM: summons friendly white imp
 39540 | Depths:2 | Escaped the Abyss
 39778 | Depths:3 | XOM: polymorph hell knight -> torpor snail
 39851 | Depths:3 | Paralysed by a yaktaur for 3 turns
 39863 | Depths:3 | Noticed a golden dragon
 39863 | Depths:3 | Noticed a tentacled monstrosity
 39867 | Depths:3 | XOM: 1-stop teleportation journey
 39940 | Depths:3 | XOM: fog
 40069 | Depths:3 | XOM: god gift: bardiche {god gift}
 40096 | Depths:3 | Noticed a caustic shrike
 40100 | Depths:3 | XOM: confusion
 40106 | Depths:3 | XOM: 4-stop teleportation journey
 40147 | Depths:3 | XOM: chaos upgrade
 40162 | Depths:3 | XOM: noise
 40314 | Depths:1 | XOM: cast spell 'Dragon Form'
 40316 | Depths:1 | XOM: potion effect (invisibility)
 40320 | Depths:1 | XOM: silly message
 40322 | Depths:1 | Reached skill level 1 in Unarmed Combat
 40417 | Depths:1 | XOM: harmless Tloc miscast
 40425 | Depths:1 | XOM: summons friendly shadow imp
 40430 | Depths:1 | XOM: summons 1 hostile shadow creature
 40431 | Depths:1 | Noticed a golden dragon
 40437 | Depths:1 | HP: 7/184 [golden dragon/bolt of cold[Xom] (11)]
 40438 | Depths:1 | Slain by a golden dragon

Skill      XL: |  1  2  3  4  5  6  7  8  9 10 11 12 13 14 15 16 17 18 |
---------------+-------------------------------------------------------+-----
Fighting       | 4 5 6 7 8 10 11 13 14 16 18 19 20 | 20.3
Maces & Flails | 4 5 6 7 8 10 12 14 16 17 19 20 21 22 23 | 23.1
Armour         | 3 4 5 6 8 9 10 11 12 14 | 14.6
Dodging        | 2 3 4 5 6 7 8 10 11 12 | 12.7
Stealth        | 1 |  1.0
Shields        | 1 2 4 5 6 7 8 9 10 11 12 13 | 13.3
Unarmed Combat | 1 |  1.0
Evocations     | |  0.6

Action                   |  1- 3 |  4- 6 |  7- 9 | 10-12 | 13-15 | 16-18 || total
-------------------------+-------+-------+-------+-------+-------+-------++-------
Melee: Mace              |    60 |   108 |       |       |       |       ||   168
       Headbutt          |     6 |    16 |    31 |    87 |   267 |   224 ||   631
       Kick              |       |    17 |     8 |    76 |       |       ||   101
       Great mace        |       |    43 |   226 |   524 |  1186 |   872 ||  2851
       Unarmed           |       |       |     2 |       |    12 |     6 ||    20
       Bite              |       |       |       |       |    10 |    26 ||    36
       Tailslap          |       |       |       |       |       |     1 ||     1
 Abil: Blink             |       |     1 |     1 |     1 |     1 |       ||     4
       Breathe Fire      |       |       |       |       |       |     1 ||     1
Evoke: Wand              |       |       |       |     2 |     7 |     7 ||    16
  Use: Scroll            |     9 |     9 |    10 |    14 |    10 |    20 ||    72
       Potion            |     4 |     2 |     5 |     9 |     5 |     3 ||    28
 Stab: Confused          |       |     1 |     1 |     1 |     2 |     4 ||     9
       Paralysed         |       |       |     3 |     4 |     9 |       ||    16
       Sleeping          |       |       |     1 |       |       |       ||     1
       Distracted        |       |       |       |     1 |       |     1 ||     2
       Petrifying        |       |       |       |     1 |     2 |     2 ||     5
       Invisible         |       |       |       |       |     6 |     3 ||     9
       Petrified         |       |       |       |       |     1 |       ||     1
  Eat: Chunk             |     2 |    10 |    14 |    16 |    38 |    36 ||   116
       Beef jerky        |       |       |     1 |     1 |       |     1 ||     3
       Meat ration       |       |       |       |     4 |     5 |     4 ||    13
       Pizza             |       |       |       |     1 |     1 |       ||     2
       Fruit             |       |       |       |     1 |       |       ||     1
Armor: Leather armour    |    26 |    50 |    69 |    55 |       |       ||   200
       Skin              |       |       |    14 |       |     4 |     2 ||    20
       Ring mail         |       |       |       |   116 |   307 |   155 ||   578
       Chain mail        |       |       |       |       |       |   229 ||   229
Dodge: Dodged            |    36 |    77 |   146 |   373 |   753 |   539 ||  1924
Block: Shield            |       |    37 |       |       |       |       ||    37
       Other             |       |       |     6 |    55 |       |       ||    61
       Reflection        |       |       |       |     3 |       |       ||     3
